 Dungeon Crawl Stone Soup version 0.30-a0-1114-gd936c97349 (webtiles) character file.

Game seed: 14421308781519314926

16 kae the Ruffian (level 2, 0/34 HPs)
             Began as a Draconian Transmuter on Apr 20, 2023.
             Succumbed to an adder's poison
             ... on level 2 of the Dungeon.
             The game lasted 00:00:37 (554 turns).

kae the Ruffian (Draconian Transmuter)               Turns: 554, Time: 00:00:37

Health: 0/34       AC: 21    Str: 12    XL:     2   Next: 41%
Magic:  5/5        EV:  2    Int: 13    God:
Gold:   60         SH:  0    Dex: 11    Spells: 4/5 levels left

rFire   . . .      SeeInvis .      - Unarmed
rCold   . . .      Faith    .    (no shield)
rNeg    . . .      Spirit   .    (body armour unavailable)
rPois   +          Reflect  .    (helmet currently unavailable)
rElec   .          Rampage  .    (cloak currently unavailable)
rCorr   .          NoTele   +    (gloves currently unavailable)
Will    .....                    (boots currently unavailable)
Stlth   +                        (no amulet)
HPRegen 0.25/turn                (no ring)
MPRegen 0.09/turn                (no ring)

@: lethally poisoned (0 -> -6), tree-form
A: stationary, stasis, torment immunity, boosted hp, AC +4, unfitting armour,
(cold-blooded)
a: no special abilities


You were on level 2 of the Dungeon.
You were a tree.
You visited 1 branch of the dungeon, and saw 2 of its levels.

You collected 60 gold pieces.


Innate Abilities, Weirdness & Mutations

You are a tree.
Your roots penetrate the ground, keeping you stationary.
You cannot be teleported.
You are immune to unholy pain and torment.
Your maximum health is greatly increased.
Your equipment is partially melded.
((Your plain brown scales are hard. (AC +4)))
You cannot fit into any form of body armour.
((You are cold-blooded and may be slowed by cold attacks.))


   Skills:
 - Level 1.1 Fighting
 - Level 1.7 Dodging
 - Level 3.0 Unarmed Combat
 + Level 2.2 Spellcasting
 * Level 2.4 Transmutations
 * Level 1.2 Poison Magic


You had 4 spell levels left.
You knew the following spells:

 Your Spells              Type           Power      Damage    Failure   Level
a - Beastly Appendage     Tmut           14%        N/A       9%          1

Your spell library contained the following spells:

 Spells                   Type           Power      Damage    Failure   Level
 Wereblood                Tmut           7%         N/A       14%         2
 Spider Form              Tmut/Pois      6%         N/A       34%         3
 Ice Form                 Ice/Tmut       4%         N/A       83%         4

Inventory:

Missiles
 b - 2 poisoned darts
 c - 3 stones
Scrolls
 e - a scroll of vulnerability {unknown}
 f - 2 scrolls of magic mapping {unknown}
 g - a scroll of identify {unknown}
Potions
 a - a potion of lignification {!q}

Dungeon Overview and Level Annotations

Branches:
Dungeon (2/15) Zot: 11448

Altars:

.... ####g..
...≈≈≈ # #
#.~≈≈ ≈# ..#
.... ≈≈#
#..###.~ ≈≈≈#
##....[†#≈≈≈#
#.....g♣†..#
##..#####......
#####


You could see a hobgoblin and a goblin.


Message History

Casting: Beastly Appendage (safe; 9% risk of failure)
Confirm with . or Enter, or press ? or * to list all spells.
You grow a pair of large bovine horns.
Your feet morph into talons.
The goblin shouts!
The ball python hisses angrily.
You hear an angry hiss.
The goblin closely misses you.
The goblin hits you with a +0 dagger. 😕 HP[-1] MP[-1]
You take 1 damage, and now have 22/23 hp.
You lost 1 mp, and now have 4/5 mp.
You closely miss the goblin.
An adder comes into view.
You closely miss the goblin. The goblin hits you but does no damage.
You closely miss the adder. Your kick misses the adder.
You tail-slap the adder. The goblin hits you but does no damage.
The adder bites you.
You are poisoned.
The adder poisons you!
You closely miss the adder. Your kick misses the adder.
You tail-slap the adder.
Your transformation is almost over.
You feel sick.
The ball python bites you but does no damage.
The ball python barely misses you. The goblin hits you with a +0 dagger.
The adder bites you.
You are more poisoned.
The adder poisons you! 😮 HP[-7]
You take 7 damage, and now have 15/23 hp.
MASSIVE DAMAGE!! (PAUSE) Unknown command.
It was a potion of cancellation.
Your magical effects are unravelling.
You feel magically purged.
Your horns disappear.
Your talons disappear.
You feel sick.
The ball python bites you but does no damage.
The ball python barely misses you. The adder barely misses you.
The goblin hits you with a +0 dagger.
* * * LOW HITPOINT WARNING * * *
The ball python bites you.
* * * LOW HITPOINT WARNING * * *
The ball python closely misses you. 😨 HP[-6]
You take 6 damage, and now have 9/23 hp.
MASSIVE DAMAGE!! (PAUSE) Unknown command.
Unknown command.
Sorry, you're not good enough to have a special ability.
Really quaff
a - 2 potions of lignification {!q}?
Really quaff the potion of lignification?
You turn into a tree.
Your roots penetrate the ground.
You feel sick. The adder bites you but does no damage.
The goblin hits you with a +0 dagger.
* * * LOW HITPOINT WARNING * * *
The ball python barely misses you. The ball python grabs you.
The ball python constricts you.
* * * LOW HITPOINT WARNING * * *
The adder bites you but does no damage. 😨 HP[+1]
You now have 34 max hp (+11).
You barely miss the ball python.
You feel sick. The goblin hits you but does no damage.
The ball python bites you but does no damage.
The ball python constricts you.
The adder bites you but does no damage. 😱 HP[-2]
You take 2 damage, and now have 8/34 hp.
You hit the ball python.
You feel sick. The goblin completely misses you. The adder bites you.
* * * LOW HITPOINT WARNING * * *
The ball python bites you but does no damage.
The ball python constricts you. 😱 HP[-3]
You take 3 damage, and now have 5/34 hp.
You hit the ball python but do no damage.
* * * LOW HITPOINT WARNING * * *
You feel sick. The adder bites you but does no damage.
The ball python bites you but does no damage.
The ball python constricts you.
The goblin hits you but does no damage. 😱 HP[-1] MP[+1]
You take 1 damage, and now have 4/34 hp.
Your mp is fully restored (5).
You hit the ball python.
* * * LOW HITPOINT WARNING * * *
You feel sick. The adder bites you but does no damage.
The ball python bites you but does no damage.
The ball python constricts you. The goblin hits you but does no damage.
The adder bites you but does no damage.
Unknown command.
You smack the ball python!
You kill the ball python!
* * * LOW HITPOINT WARNING * * *
You feel sick. The goblin hits you but does no damage. The adder bites you.
* * * LOW HITPOINT WARNING * * *
You are more poisoned.
The adder poisons you! 😱 HP[-2]
You take 2 damage, and now have 2/34 hp.
You smack the adder!
You kill the adder!
You die...

Skill      XL: |  1 |
---------------+----+-----
Poison Magic   | 1 |  1.2
Fighting       | |  1.1
Dodging        | |  1.7
Unarmed Combat | |  3.0
Spellcasting   | |  2.2
Transmutations | |  2.4

Action                     || total
---------------------------++-------
  Melee: Unarmed           ||    41
         Headbutt          ||     3
         Punch             ||     2
         Kick              ||     4
         Tailslap          ||     4
   Cast: Beastly Appendage ||     7
    Use: Potion            ||     2
 Armour: Skin              ||    32
  Dodge: Dodged            ||    18

Levels and vault maps discovered:
D:1:      shiori_arrival_whats_in_store_for_you, layout_basic,
          hellmonk_ecumenical_altar_zigzags
D:2:      minmay_razor_zed, layout_loops_ring, serial_shops,
          nicolae_shop_waterfront, basic_altar

Notes
Turn   | Place    | Note
-------+----------+-------------------------------------------
     0 | D:1      | kae the Draconian Transmuter began the quest for the Orb.
     0 | D:1      | Reached XP level 1. HP: 16/16 MP: 3/3
     0 | D:1      | magus.rc [v1.11.3]
     1 | D:1      | Noticed a minotaur skeleton
     4 | D:1      | Noticed a minotaur skeleton
     4 | D:1      | Noticed a minotaur skeleton
   123 | D:1      | Found a faded altar of an unknown god.
   144 | D:1      | Reached skill level 1 in Poison Magic
   144 | D:1      | Reached XP level 2. HP: 23/23 MP: 1/5
   549 | D:2      | HP: 8/34 [poisoned by an adder]
   553 | D:2      | HP: 3/34 [poisoned by an adder]
   554 | D:2      | Succumbed to an adder's poison

Vanquished Creatures
  An adder (D:2)
  A dart slug (D:1)
  2 bats (D:1)
  An endoplasm (D:1)
  A giant cockroach (D:1)
  2 goblins (D:1)
  A hobgoblin (D:1)
  A ball python (D:2)
  A frilled lizard (D:1)
  2 kobolds (D:1)
  3 rats (D:1)
16 creatures vanquished.

Table legend:
 A = Non-vault XP
 B = Vault XP
 C = Vault XP percentage of total XP
 D = Non-vault monster count
 E = Vault monster count
 F = Vault count percentage of total count
                 A         B        C        D         E       F
            +---------+---------+-------+---------+---------+-------
      Total |      37 |       0 |   0.0 |      16 |       0 |   0.0
            +---------+---------+-------+---------+---------+-------
        D:1 |      23 |       0 |   0.0 |      14 |       0 |   0.0
        D:2 |      14 |       0 |   0.0 |       2 |       0 |   0.0
            +---------+---------+-------+---------+---------+-------

Illustrated notes

Table legend:
 A = Kills in this place as a percentage of kills in the entire game.
 B = Kills by you in this place as a percentage of kills by you in the entire game.
 C = Kills by friends in this place as a percentage of kills by friends in the entire game.
 D = Other kills in this place as a percentage of other kills in the entire game.
 E = Experience gained in this place as a percentage of experience gained in the entire game.
 F = Experience gained in this place divided by the number of levels of this place that you have seen.
                   A       B       C       D       E      F
               +-------+-------+-------+-------+-------+----------------------
         Total | 100.0 | 100.0 |   N/A |   N/A | 100.0 |  18.5
       Dungeon | 100.0 | 100.0 |   N/A |   N/A | 100.0 |  18.5
               +-------+-------+-------+-------+-------+----------------------

Table legend: (Time is in decaauts)
 A = Elapsed time spent in this place.
 B = Non-inter-level travel time spent in this place.
 C = Inter-level travel time spent in this place.
 D = Time resting spent in this place.
 E = Time spent auto-exploring this place.
 F = Levels seen in this place.
 G = Mean time per level.
                   A        B        C        D        E       F      G
               +--------+--------+--------+--------+--------+-----+--------+
         Total |    551 |    544 |      7 |      0 |    441 |   2 |  275.5 |
       Dungeon |    551 |    544 |      7 |      0 |    441 |   2 |  275.5 |
               +--------+--------+--------+--------+--------+-----+--------+

Top non-repeatable levels by time:
     D:1: 538 daAuts
     D:2: 13 daAuts
